 Dungeon Crawl Stone Soup version 0.27.1 (webtiles) character file.

Game seed: 17914347776779434089

126892 ZARRMARR the Tortoise (level 16, 0/238 HPs)
             Began as a Minotaur Berserker on Aug 22, 2021.
             Was a High Priest of Trog.
             Blown up by an orb spider (33 damage)
             ... with an orb of destruction
             ... on level 4 of the Spider Nest.
             The game lasted 03:03:53 (36318 turns).

ZARRMARR the Tortoise (Minotaur Berserker)         Turns: 36318, Time: 03:03:53

Health: 0/238      AC: 28    Str: 26      XL:     16   Next: 44%
Magic:  1/15       EV:  2    Int:  3 (4)  God:    Trog [*****.]
Gold:   1733       SH: 10    Dex: 12 (13) Spells: 15/15 levels left

rFire    . . .     SeeInvis .   t - +4 morningstar (vorpal)
rCold    + + +     Faith    .   v - +0 buckler {rC+}
rNeg     + + +     Spirit   .   (armour currently unavailable)
rPois    +         Reflect  +   (helmet currently unavailable)
rElec    .         Harm     .   (cloak currently unavailable)
rCorr    .         Rampage  .   (gloves currently unavailable)
Will     +++..     NoTele   +   (boots currently unavailable)
Stlth    +.........             s - amulet of reflection
HPRegen  1.49/turn              z - ring of protection from cold
MPRegen  0.14/turn              K - ring of protection from cold

@: tree-form, strong-willed, regenerating, studying Armour
A: stationary, stasis, torment immunity, boosted hp, (horns 2), (retaliatory
headbutt)
a: Renounce Religion, Berserk, Trog's Hand, Brothers in Arms


You were on level 4 of the Spider Nest.
You worshipped Trog.
Trog was extremely pleased with you.
You were a tree.
You visited 3 branches of the dungeon, and saw 21 of its levels.
You also visited: Sewer, Ossuary and Ice Cave.

You collected 1733 gold pieces.

Inventory:

Hand Weapons
 t - a +4 vorpal morningstar (weapon)
 D - a +4 antimagic morningstar
 H - the +1 hand axe of Meideli {chaos, rCorr Dex+6}
   (You found it on level 5 of the Lair of Beasts)

   Each time it hits an enemy it has a different, random effect.
   Dex:       It affects your dexterity (+6).
   rCorr:     It protects you from acid and corrosion.
 N - a +2 vorpal great mace
Missiles
 C - 8 atropa-tipped darts
 F - 8 boomerangs of dispersal
 U - 2 boomerangs (quivered)
Armour
 a - the +2 hat of Noon (melded) {Will+ SInv}
   (You acquired it on level 7 of the Dungeon)

   SInv:      It lets you see invisible.
   Will:      It increases your willpower.
 q - a +2 cloak of poison resistance (melded)
 u - a +0 plate armour (melded)
 v - a +0 buckler of cold resistance (worn)
 I - a +0 pair of boots (melded)
 M - a +2 pair of gloves of dexterity (melded)
Jewellery
 f - a ring of willpower
 s - an amulet of reflection (around neck)
 z - a ring of protection from cold (left branch)
 K - a ring of protection from cold (right branch)
 Q - a ring of willpower
Wands
 c - a wand of polymorph (29)
 h - a wand of iceblast (51)
 o - a wand of flame (22)
 A - a wand of digging (7)
 P - a wand of acid (10)
Scrolls
 b - 3 scrolls of silence
 e - 6 scrolls of teleportation
 g - 7 scrolls of immolation
 l - 5 scrolls of magic mapping
 p - 4 scrolls of blinking
 w - 5 scrolls of identify
 x - a scroll of fear
 y - a scroll of brand weapon
 B - 3 scrolls of enchant weapon
 J - 2 scrolls of enchant armour
Potions
 d - 5 potions of cancellation
 i - a potion of lignification
 j - 15 potions of curing
 k - a potion of berserk rage
 m - 2 potions of ambrosia
 n - 4 potions of mutation
 E - a potion of invisibility
 G - 2 potions of attraction
 O - a potion of resistance
 S - a potion of might
 T - 2 potions of haste
Miscellaneous
 L - a phial of floods
 R - a phantom mirror


   Skills:
 + Level 18.9 Fighting
 + Level 18.9 Maces & Flails
 + Level 19.6 Armour
 + Level 9.2 Dodging
 - Level 5.8 Shields


You had 15 spell levels left.
You didn't know any spells.
Your spell library contained the following spells:

 Spells                   Type           Power      Damage    Failure   Level
 Animate Skeleton         Necr           0%         N/A       52%         1
 Apportation              Tloc           0%         N/A       52%         1
 Corona                   Hex            0%         N/A       52%         1
 Shock                    Conj/Air       0%         1d3       52%         1
 Summon Small Mammal      Summ           0%         N/A       52%         1
 Passwall                 Tmut/Erth      0%         N/A       67%         2
 Stone Arrow              Conj/Erth      0%         3d7       88%         3
 Swiftness                Air            0%         N/A       88%         3
 Airstrike                Air            0%         N/A       99%         4
 Animate Dead             Necr           0%         N/A       99%         4
 Hailstorm                Conj/Ice       0%         3d3       99%         4
 Ice Form                 Ice/Tmut       0%         N/A       99%         4
 Bolt of Magma            Conj/Fire/Erth 0%         4d4       100%        5
 Borgnjor's Vile Clutch   Necr/Erth      0%         N/A       100%        5
 Death Channel            Necr           0%         N/A       100%        6
 Invisibility             Hex            0%         N/A       100%        6
 Simulacrum               Ice/Necr       0%         N/A       100%        6
 Shatter                  Erth           0%         3d5*      100%        9


Dungeon Overview and Level Annotations

Branches:
Dungeon (11/15)            Temple (0/1) D:6            Lair (6/6) D:10
 Shoals (0/4) Lair:4       Spider (4/4) Lair:3        Slime (0/5) Lair:6
    Orc (0/2) D:11          Sewer (visited)         Ossuary (visited)
  IceCv (visited)

Altars:
Cheibriados
Elyvilon
Fedhas
Gozag
Kikubaaqudgha
Nemelex Xobeh
Okawaru
Qazlal
Trog
Uskayaw
Zin
The Shining One
Jiyva

Portals:
Abyss: D:10

Annotations:
D:7 1 runed translucent door
D:9 exclusion: oklob plant


Innate Abilities, Weirdness & Mutations

You are a tree.
Your roots penetrate the ground, keeping you stationary.
You cannot be teleported.
You are immune to unholy pain and torment.
Your maximum health is greatly increased.
Your equipment is partially melded.
((You have a pair of horns on your head.))
((You reflexively headbutt those who attack you in melee.))


Message History

Unknown command.
You miss something.
You feel you are being watched by something.
Something hits you but does no damage. Something hits you.
* * * LOW HITPOINT WARNING * * *
You feel dopey.
Something stings you but does no damage.
Unknown command.
Unknown command.
Your skin crawls.
You feel strong-willed.
Your deep troll bites something.
Your deep troll barely misses something.
Your deep troll claws something!
Your deep troll bites something!!!
Your deep troll barely misses something.
Your deep troll claws something!
Trog accepts your kill.
Reactivating autopickup.
You feel a bit more experienced.
Throw: 2 boomerangs
Press: ? - help, Q - select action, (/) - cycle Shift-Dir - straight line, f - orb spider
Aim: an orb spider (lightly wounded, fully charged, 67% to hit)
You throw a boomerang. The boomerang hits the orb spider.
The orb spider is moderately wounded.
The orb spider weaves a glowing orb of energy.
An orb of destruction comes into view.
Your deep troll bites the orb spider!!
Your deep troll misses the orb spider.
Your deep troll claws the orb spider.
An orb spider comes into view.
You cannot blink because you are held in place by your roots.
You cannot move.
Unknown command.
Unknown command.
Unknown command.
Unknown command.
Unknown command.
Unknown command.
Unknown command.
The orb of destruction hits you!!
You die...

#^#..≈≈..#^.....^≈≈≈≈≈≈≈†..
#....≈≈≈†)†........≈≈#≈≈...
#....≈#≈≈†....#...#.≈≈≈....
#^....≈≈≈≈≈≈≈..^....^.....≈
##...(..≈≈≈#≈≈≈.....^...^#≈
#.....###################..
#^....#......s(... #..
#†...(#^.#..T....s #..
#...#^#...♣○°.^#.^ #..
#...^.#≈...##### #..
#.).≈≈#≈≈..# #..
#..≈≈≈#≈≈≈## #..
#.†#≈≈#(≈#≈# #.^
#..≈≈≈≈≈≈≈≈# #..
#.†(≈≈≈≈≈..# #..
#.≈≈≈≈≈≈(≈.# #..
#.≈≈#≈####s# #..


You could see 2 orb spiders and a friendly deep troll (summoned, berserk).

Vanquished Creatures
  A ghost moth (Spider:2)
  4 emperor scorpions
  3 entropy weavers
  The ghost of Ravenswing17 the Prestidigitator, a journeyman DDBe of Trog (Spider:1)
  A spark wasp (Spider:4)
  Josephine (D:10)
  5 boulder beetles
  8 hydras
  Harold (D:9)
  Erolcha (D:11)
  The ghost of krigyl the Blocker, a novice MiFi of Uskayaw (D:10)
  4 two-headed ogres
  Erica (D:9)
  A catoblepas (Lair:5)
  A tengu warrior (D:9)
  An anaconda (Lair:5)
  3 death yaks
  A fire crab (Lair:5)
  3 skeletal warriors (D:11)
  A glowing orange brain (D:10)
  A bog body (IceCv)
  A wizard (D:10)
  A spectral wolf spider (Spider:4)
  A wolf spider zombie (Spider:4)
  14 wolf spiders
  10 orb spiders
  A necromancer (IceCv)
  2 oklob plants (Lair:3)
  3 cyclopes
  An ugly thing (D:11)
  11 elephants
  3 moths of wrath
  7 black mambas
  Maurice (D:8)
  2 ice statues (IceCv)
  2 toenail golems (D:10)
  2 spectral redbacks (Spider:4)
  Psyche (D:8)
  Maggie (D:6)
  4 torpor snails
  10 cane toads
  An unseen horror (D:11)
  5 rime drakes
  A redback zombie (Spider:4)
  14 demonic crawlers
  9 komodo dragons
  5 ice devils (IceCv)
  3 entropy weaver simulacra (IceCv)
  A freezing wraith (IceCv)
  3 anaconda simulacra (IceCv)
  An efreet (D:9)
  A troll (D:9)
  6 polar bears
  3 meliai (Spider:2)
  The ghost of hawla the Cleaver, an amateur MiGl (D:4)
  30 jumping spiders
  25 blink frogs
  Prince Ribbit (Lair:2)
  16 hornets
  A snapping turtle (Lair:4)
  9 dream sheep
  A jumping spider zombie (Spider:4)
  Sigmund (D:5)
  21 tarantellas
  63 redbacks
  13 spriggans (Lair:6)
  4 dire elephant simulacra (IceCv)
  5 wraiths
  5 basilisks
  6 wyverns
  Grum (D:11)
  2 steam dragons (D:9)
  19 yaks
  4 vampire mosquitoes
  An acid dragon (D:8)
  17 water moccasins
  2 spectral hornets (Spider:4)
  7 orc warriors
  3 ice beasts
  A sky beast (D:7)
  10 black bears
  4 boggarts (Lair:6)
  An ogre (D:5)
  23 wolves
  A necrophage (D:5)
  4 centaurs
  2 phantoms
  2 kobold brigands (D:7)
  2 elf zombies (Ossuary)
  6 scorpions (D:7)
  3 gnoll sergeants
  A two-headed ogre simulacrum (IceCv)
  11 bullfrogs
  A water moccasin skeleton (D:6)
  24 killer bees
  5 wights (D:6)
  The ghost of Naeght the Poker, a weakling MfGl (D:3)
  5 electric eels
  4 howler monkeys
  3 centaur zombies
  A human zombie (Ossuary)
  2 hounds
  7 jellies
  A centaur skeleton (D:5)
  A gnoll shaman (D:5)
  5 orc priests
  2 bullfrog skeletons
  Jessica (D:2)
  Natasha (thrice) (D:4)
  6 orc wizards
  3 iguanas
  A spriggan simulacrum (IceCv)
  A killer bee zombie (D:7)
  A wolf simulacrum (IceCv)
  A hound skeleton (D:5)
  4 howler monkey zombies
  2 mummies (Ossuary)
  Robin (D:2)
  26 gnolls
  17 adders
  A naga simulacrum (IceCv)
  A shadow imp (D:7)
  14 white imps
  A worm (D:2)
  5 dart slugs
  45 orcs
  21 endoplasms
  9 giant cockroaches
  18 goblins
  7 hobgoblins
  5 jackals
  5 quokkas
  8 ball pythons
  5 bats
  4 frilled lizards
  12 hobgoblin zombies (Ossuary)
  A jackal zombie (Ossuary)
  20 kobolds
  11 kobold zombies (Ossuary)
  10 orc zombies (Ossuary)
  6 rats
842 creatures vanquished.

Vanquished Creatures (collateral kills)
  A ghost moth (Spider:4)
  An emperor scorpion (Spider:4)
  An entropy weaver (Spider:1)
  An orb spider (Spider:1)
  2 oklob plants (Lair:3)
  A spectral redback (Spider:4)
  A demonic crawler (Spider:3)
  3 jumping spiders
  A spectral jumping spider (Spider:4)
  2 hornets
  2 tarantella zombies (Spider:4)
  8 redbacks
  5 tarantellas
  A plant (Lair:3)
30 creatures vanquished.

Vanquished Creatures (others)
  A centaur zombie (D:9)
  A butterfly (D:3)
  31 fungi
  32 plants
  2 withered plants (Spider:1)
67 creatures vanquished.

Grand Total: 939 creatures vanquished

Notes
Turn   | Place    | Note
-------+----------+-------------------------------------------
     0 | D:1      | ZARRMARR the Minotaur Berserker began the quest for the
                  | Orb.
     0 | D:1      | Reached XP level 1. HP: 19/19 MP: 0/0
   118 | D:1      | Reached XP level 2. HP: 27/27 MP: 1/1
   156 | D:1      | Noticed a shining eye
   158 | D:1      | Found a faded altar of an unknown god.
   160 | D:1      | Noticed a golden eye
   160 | D:1      | Noticed a shining eye
   160 | D:1      | Noticed an eye of devastation
   705 | D:2      | Reached XP level 3. HP: 27/33 MP: 2/2
  1027 | D:2      | Noticed Robin
  1047 | D:2      | Killed Robin
  1054 | D:2      | Reached ** piety under Trog
  1068 | D:2      | Reached XP level 4. HP: 13/41 MP: 3/3
  1380 | D:2      | Found a white marble altar of Elyvilon.
  1458 | D:2      | Reached skill level 5 in Fighting
  1691 | D:2      | Noticed Jessica
  1695 | D:2      | Killed Jessica
  1696 | D:2      | Reached skill level 5 in Maces & Flails
  1983 | D:3      | Found an iron altar of Okawaru.
  2027 | D:3      | Reached XP level 5. HP: 48/48 MP: 4/4
  2047 | D:3      | Found a white marble altar of Elyvilon.
  2055 | D:3      | Found a glowing drain.
  2078 | Sewer    | Entered a sewer
  2205 | Sewer    | Noticed a water moccasin
  2216 | Sewer    | Killed a water moccasin
  2217 | Sewer    | Reached XP level 6. HP: 33/56 MP: 5/5
  2736 | D:3      | Reached *** piety under Trog
  2809 | D:3      | Found a snail-covered altar of Cheibriados.
  3478 | D:3      | Found a runed translucent door.
  3479 | D:3      | Noticed Naeght's ghost (weakling MfGl)
  3704 | D:3      | Killed Naeght's ghost
  3992 | D:4      | Found a sand-covered staircase.
  4029 | Ossuary  | Entered an ossuary
  4279 | Ossuary  | Reached XP level 7. HP: 62/62 MP: 6/6
  4340 | Ossuary  | Reached **** piety under Trog
  4952 | D:4      | Found a runed translucent door.
  4965 | D:4      | Noticed Natasha
  4969 | D:4      | Killed Natasha
  4974 | D:4      | Noticed Natasha
  4984 | D:4      | Killed Natasha
  5318 | D:4      | Noticed Natasha
  5344 | D:4      | You fall into a shaft and drop 3 floors!
  5351 | D:7      | Found the +9 staff of Olgreb {rPois∞}
  5354 | D:7      | Found a runed translucent door.
  5433 | D:7      | Found a runed translucent gate.
  5435 | D:7      | Found a runed translucent door.
  5474 | D:7      | Found a runed translucent gate.
  5474 | D:7      | Found a runed translucent gate.
  5591 | D:6      | Noticed Maggie
  5605 | D:6      | Killed Maggie
  5606 | D:6      | Reached skill level 5 in Dodging
  5606 | D:6      | Reached XP level 8. HP: 67/73 MP: 7/7
  5936 | D:6      | Reached skill level 10 in Maces & Flails
  6215 | D:5      | Entered Level 5 of the Dungeon
  6360 | D:4      | Reached ***** piety under Trog
  6416 | D:4      | Found a hide-covered altar of Uskayaw.
  6449 | D:4      | Found a sparkling altar of Nemelex Xobeh.
  6555 | D:4      | Killed Natasha
  6556 | D:4      | Reached XP level 9. HP: 81/81 MP: 8/8
  6802 | D:4      | Noticed hawla's ghost (amateur MiGl)
  6927 | D:4      | Killed hawla's ghost
  8537 | D:5      | Noticed Sigmund
  8544 | D:5      | Killed Sigmund
  8604 | D:5      | Found a stormy altar of Qazlal.
  9174 | D:6      | Found a staircase to the Ecumenical Temple.
  9398 | D:6      | Received a gift from Trog
  9707 | D:7      | Reached skill level 3 in Armour
  9956 | D:7      | Found a glowing silver altar of Zin.
 10174 | D:7      | Reached skill level 1 in Shields
 10360 | D:7      | Identified a scroll of acquirement
 10361 | D:7      | Acquired the +2 hat of Noon {Will+ SInv}
 10439 | D:7      | Reached XP level 10. HP: 91/91 MP: 9/9
 10865 | D:7      | Reached skill level 4 in Armour
 11032 | D:8      | Found a glowing golden altar of the Shining One.
 11335 | D:8      | Found an ancient bone altar of Kikubaaqudgha.
 11438 | D:8      | Noticed Psyche
 11442 | D:8      | Killed Psyche
 11443 | D:8      | Reached skill level 5 in Armour
 11529 | D:8      | Noticed Maurice
 11544 | D:8      | Killed Maurice
 11746 | D:8      | Found a bloodstained altar of Trog.
 12158 | D:9      | Reached skill level 10 in Fighting
 12293 | D:9      | Reached skill level 6 in Armour
 12480 | D:9      | Noticed Harold
 12487 | D:9      | Killed Harold
 12488 | D:9      | Reached XP level 11. HP: 101/101 MP: 10/10
 12546 | D:9      | Noticed Erica
 12556 | D:9      | Killed Erica
 12557 | D:9      | Reached skill level 7 in Armour
 12783 | D:9      | Noticed a two-headed ogre
 12790 | D:9      | Killed a two-headed ogre
 12797 | D:9      | Reached skill level 8 in Armour
 12809 | D:9      | Noticed a tengu warrior
 12823 | D:9      | Killed a tengu warrior
 12943 | D:9      | Reached skill level 9 in Armour
 13207 | D:9      | Noticed a boulder beetle
 13226 | D:9      | Killed a boulder beetle
 13253 | D:9      | Identified the +1 glaive of Orih {speed, rElec Will- rCorr
                  | Str-4 Stlth+}
 13810 | D:9      | Noticed an oklob plant
 13817 | D:9      | Received a gift from Trog
 13834 | D:9      | Found an opulent altar of Gozag.
 14881 | D:10     | Entered Level 10 of the Dungeon
 14911 | D:10     | Noticed Josephine
 14917 | D:10     | Reached skill level 10 in Armour
 14925 | D:10     | Killed Josephine
 15125 | D:10     | Noticed a two-headed ogre
 15135 | D:10     | Killed a two-headed ogre
 15136 | D:10     | Reached XP level 12. HP: 113/113 MP: 11/11
 15184 | D:10     | Reached skill level 5 in Shields
 15185 | D:10     | Noticed a death yak
 15202 | D:10     | Killed a death yak
 15386 | D:10     | Reached skill level 11 in Armour
 15813 | D:10     | Found a transporter.
 15836 | D:10     | Found a transporter.
 15861 | D:10     | Found a one-way gate to the infinite horrors of the Abyss.
 15861 | D:10     | Noticed krigyl's ghost (novice MiFi)
 15982 | D:10     | Found a staircase to the Lair.
 16024 | D:10     | Found a blossoming altar of Fedhas.
 16150 | D:10     | Killed krigyl's ghost
 16888 | D:11     | Noticed a two-headed ogre
 16899 | D:11     | Killed a two-headed ogre
 16946 | D:11     | Noticed a two-headed ogre
 16959 | D:11     | Reached skill level 12 in Armour
 16985 | D:11     | Killed a two-headed ogre
 17021 | D:11     | Found a frozen archway.
 17306 | IceCv    | Entered an ice cave
 17749 | IceCv    | Reached skill level 15 in Maces & Flails
 17860 | IceCv    | Reached XP level 13. HP: 123/123 MP: 12/12
 17920 | IceCv    | Received a gift from Trog
 17921 | IceCv    | Reached skill level 13 in Armour
 19058 | D:11     | Noticed Grum
 19066 | D:11     | Killed Grum
 19115 | D:11     | Found a staircase to the Orcish Mines.
 19300 | D:11     | Noticed Erolcha
 19306 | D:11     | Killed Erolcha
 20337 | Lair:1   | Entered Level 1 of the Lair of Beasts
 21174 | Lair:1   | Reached skill level 14 in Armour
 21354 | Lair:1   | Received a gift from Trog
 22049 | Lair:2   | Noticed Prince Ribbit
 22236 | Lair:2   | Killed Prince Ribbit
 22898 | Lair:3   | Found a hole to the Spider Nest.
 23062 | Lair:3   | Reached skill level 15 in Fighting
 24435 | Lair:4   | Reached skill level 15 in Armour
 24603 | Lair:4   | Reached XP level 14. HP: 112/135 MP: 4/13
 24871 | Lair:4   | Found a staircase to the Shoals.
 25476 | Lair:5   | Identified the +1 hand axe of Meideli {chaos, rCorr Dex+6}
 26074 | Lair:5   | Received a gift from Trog
 26358 | Lair:5   | Reached skill level 16 in Armour
 27087 | Lair:6   | Entered Level 6 of the Lair of Beasts
 28309 | Lair:6   | Found a viscous altar of Jiyva.
 28309 | Lair:6   | Found a staircase to the Slime Pits.
 28792 | Lair:6   | Reached XP level 15. HP: 146/146 MP: 4/14
 29408 | Spider:1 | Entered Level 1 of the Spider Nest
 29449 | Spider:1 | Reached skill level 17 in Armour
 29784 | Spider:1 | Reached ****** piety under Trog
 30501 | Spider:1 | Received a gift from Trog
 30551 | Spider:1 | Found a runed translucent door.
 30552 | Spider:1 | Noticed Ravenswing17's ghost (journeyman DDBe)
 31088 | Spider:1 | Killed Ravenswing17's ghost
 31478 | Spider:2 | Reached skill level 18 in Armour
 31605 | Spider:2 | Noticed a ghost moth
 31618 | Spider:2 | Killed a ghost moth
 33302 | Spider:3 | Received a gift from Trog
 33310 | Spider:3 | HP: 5/223 [jumping spider (20)]
 33315 | Spider:3 | HP: 7/223 [jumping spider (7)]
 34603 | Spider:4 | Entered Level 4 of the Spider Nest
 34856 | Spider:4 | Reached skill level 19 in Armour
 34856 | Spider:4 | Reached XP level 16. HP: 132/157 MP: 15/15
 36096 | Spider:4 | Received a gift from Trog
 36292 | Spider:4 | Paralysed by a hornet for 3 turns
 36318 | Spider:4 | Blown up by an orb spider

Illustrated notes

Levels and vault maps discovered:
D:1:      sevenhm_arrival_forest_fort_large_4, layout_rooms,
          hellmonk_ecumenical_altar_watching_god
D:2:      minmay_recursive_quarters, layout_basic, basic_altar, uniq_jessica,
          uniq_robin
D:3:      layout_loops_corners, nicolae_elyvilon_peaceful_grove,
          okawaru_metal_pillars_1_2, kennysheep_slug_shrine,
          portal_sewer_entry_f, gammafunk_ghost_grave,
          kennysheep_generic_room_11
D:4:      layout_basic, mainiacjoe_overflow_two_lobes, ebering_ghost_sewer_d,
          enter_ossuary_5, uniq_natasha
D:5:      layout_loops_cross, mainiacjoe_overflow_six_doors_small, uniq_sigmund
D:6:      layout_cave_pools, minmay_temple_entry_water_ring, uniq_maggie
D:7:      layout_basic, zin_academy, minmay_guarded_unrand_staff_of_olgreb
D:8:      layout_loops_ring, nicolae_tso_carved_into_rock, trog_ov_bears_minmay,
          mainiacjoe_overflow_brackets, uniq_maurice, uniq_psyche
D:9:      lemuel_slime, layout_loops_ring, lemuel_crystal_altar,
          hangedman_decor_riveting, minmay_misc_feat_enclosed,
          minmay_pinched_square, uniq_erica, uniq_harold
D:10:     layout_cave_pools, lemuel_doored_altar, david_lair_generic,
          gammafunk_ghost_abyssal_escape, kennysheep_decorative_pillar,
          uniq_josephine
D:11:     layout_long_grid, hiddenorc2_lemuel, portal_ice_cave_entry_imps,
          uniq_erolcha, uniq_grum
Lair:1:   layout_small_grid, gammafunk_lair_bear_cave,
          infiniplex_staircase_pool_2
Lair:2:   layout_roguey, grunt_megastairs_2, uniq_prince_ribbit2
Lair:3:   layout_cave_pods, spider_nest_entry_rubble,
          chequers_serial_rivers_large_a, serial_bayou_shore_b,
          serial_bayou_shore_a, minmay_lair_oklob_chamber
Lair:4:   layout_regular_city, minmay_shoals_entry_hut, st_stairs_8
Lair:5:   nzn_winding_woodlands_three_and_one
          [nzn_winding_woodlands_5x15_sidewinder,
          nzn_winding_woodlands_5x15_pathside_ponds,
          nzn_winding_woodlands_5x15_jagged,
          nzn_winding_woodlands_center_diamonds], layout_long_grid,
          beast_lair_carwin_7
Lair:6:   minmay_lair_end_enchanted_forest, layout_gridlike,
          dpeg_slime_entry_enclosed_altar
Spider:1: layout_spider_delve, gammafunk_ghost_grave
Spider:2: layout_spider_delve
Spider:3: layout_spider_delve, nicolae_spider_jagged_tunnels
Spider:4: floodkiller_spider_rune_tomb

Skill      XL: |  1  2  3  4  5  6  7  8  9 10 11 12 13 14 15 |
---------------+----------------------------------------------+-----
Maces & Flails | 4 5 6 7 9 10 12 14 15 16 18 | 18.9
Fighting       | 4 5 7 9 10 12 13 15 16 18 | 18.9
Dodging        | 3 5 6 7 8 9 |  9.2
Armour         | 3 6 10 12 15 16 19 | 19.6
Shields        | 1 3 4 5 |  5.8

Action                   |  1- 3 |  4- 6 |  7- 9 | 10-12 | 13-15 | 16-18 || total
-------------------------+-------+-------+-------+-------+-------+-------++-------
Melee: Mace              |    40 |   139 |   265 |       |       |       ||   444
       Headbutt          |     9 |    22 |    70 |    99 |   319 |    75 ||   594
       Dire flail        |       |       |    43 |   487 |   246 |       ||   776
       Morningstar       |       |       |       |       |   946 |   239 ||  1185
Throw: Boomerang         |    35 |     6 |       |   123 |       |    12 ||   176
       Javelin           |       |    31 |    25 |     8 |       |       ||    64
       Throwing net      |       |     3 |     2 |     5 |     3 |       ||    13
       Dart              |       |       |    31 |    15 |   379 |    45 ||   470
Invok: Berserk           |     1 |    11 |    23 |    34 |    53 |     8 ||   130
       Brothers in Arms  |       |       |       |     1 |     6 |     4 ||    11
       Trog's Hand       |       |       |       |       |     3 |     3 ||     6
Evoke: Wand              |       |       |       |    28 |    11 |       ||    39
       Phial of floods   |       |       |       |       |     1 |       ||     1
  Use: Scroll            |     6 |     1 |     8 |     7 |    12 |     1 ||    35
       Potion            |     1 |     1 |     3 |     2 |    10 |     1 ||    18
 Stab: Sleeping          |       |     2 |       |       |       |       ||     2
       Held in net/web   |       |       |       |     6 |     1 |       ||     7
       Fleeing           |       |       |       |       |     2 |       ||     2
Armor: Animal skin       |    13 |    14 |    18 |       |       |       ||    45
       Steam dragon scal |       |       |    15 |       |       |       ||    15
       Plate armour      |       |       |    22 |   168 |   642 |   185 ||  1017
       Skin              |       |       |       |       |    12 |     8 ||    20
Dodge: Dodged            |    36 |    53 |   144 |   120 |   459 |   123 ||   935
Block: Other             |       |       |    22 |    70 |    34 |       ||   126
       Reflection        |       |       |     1 |     3 |     4 |       ||     8
       Buckler           |       |       |       |       |   483 |   131 ||   614
